 Dungeon Crawl Stone Soup version 0.17-a0-1093-g0b3cd89 (webtiles) character file.

256 Lokkij the Cudgeler (level 6, -10/55 HPs)
             Began as a Gargoyle Fighter on May 20, 2015.
             Mangled by an ogre
             ... wielding a cursed -2 giant club
              (14 damage)
             ... on level 3 of the Dungeon.
             The game lasted 00:05:00 (2477 turns).

Lokkij the Cudgeler (Gargoyle Fighter)              Turns: 2477, Time: 00:05:00

Health: -10/55     AC: 11    Str: 26    XL:     6   Next: 16%
Magic:  6/6        EV:  7    Int:  9    God:
Gold:   182        SH:  9    Dex:  9    Spells: 0 memorised, 5 levels left

rFire  . . .     SeeInvis .     a - +0 flail
rCold  . . .     Clarity  .     b - +0 scale mail
rNeg   + . .     SustAb   .     c - +0 shield
rPois  ∞         Gourm    .     (no helmet)
rElec  +         Spirit   .     (no cloak)
rCorr  .         Warding  .     (no gloves)
rMut   .         Stasis   .     (no boots)
MR     .....                    (no amulet)
Stlth  ..........               (no ring)
                                (no ring)

@: berserking, very quick, not resistant to hostile enchantments, extremely
unstealthy
A: negative energy resistance 1, electricity resistance, unbreathing,
petrification resistance, rot immunity, AC +4
a: no special abilities


You were on level 3 of the Dungeon.
You were not hungry.

You visited 1 branch of the dungeon, and saw 3 of its levels.

You collected 182 gold pieces.

Inventory:

Hand weapons
 a - a +0 flail (weapon)
Armour
 b - a +0 scale mail (worn)
 c - a +0 shield (worn)
Magical devices
 n - a wand of teleportation (4)
Scrolls
 i - a scroll of fear
 k - a scroll of magic mapping
 l - a scroll of recharging {unknown}
 o - a scroll of enchant armour {unknown}
 p - a scroll of identify
Potions
 d - a potion of might
 f - a potion of invisibility {unknown}
 g - 2 potions of flight
Comestibles
 e - 2 bread rations
 h - 2 meat rations
 j - 14 fruits
 m - 2 royal jellies
 q - 2 chunks of flesh


   Skills:
 - Level 3.2 Fighting
 + Level 6.3 Maces & Flails
 - Level 3.2 Armour
 - Level 3.2 Shields


You had 5 spell levels left.
You didn't know any spells.

Dungeon Overview and Level Annotations

Branches:
Dungeon (3/15)

Altars:
Kikubaaqudgha
Nemelex Xobeh
Vehumet


Innate Abilities, Weirdness & Mutations

You are resistant to torment.
Your stone body is resilient (AC +4).
You are immune to poison.
You resist negative energy.
You are resistant to electric shocks.
You can survive without breathing.
You are immune to petrification.
You are immune to rotting.


Message History

The ogre is moderately wounded.
The ogre hits you with a giant club.
Your shield and scale mail prevent you from hitting the ogre.
The ogre is moderately wounded.
The ogre hits you with a giant club!
You barely miss the ogre.
The ogre is moderately wounded.
The ogre closely misses you.
You hit the ogre.
The ogre is heavily wounded.
The ogre hits you with a giant club!
* * * LOW HITPOINT WARNING * * *
Drink which item? (? for menu, Esc to quit)
Okay, then.
Drink which item? (? for menu, Esc to quit)
It was a potion of berserk rage.
A red film seems to cover your vision as you go berserk!
You feel yourself moving faster!
You feel mighty! The ogre hits you with a giant club!
You die...

...# # ##'## #). #### #.#
#### # ### #.# ##.⌠. #
..# ##.## ##..._ #
#.###.).## ##.#.⌠. #
#.##.....###.⌠.#). #
#.###.###...#..##.#.#. #
#.............##.#.⌠.# #
#.######@####.######.#.#.
# #......O.# #.# #.⌠.#.⌠
########## #.# ##.#.#.
#.### ##.⌠.# #.#.. #.#.#.
#.#.# #..#.⌠ ##########
#.#.# #.#.#.
#<.......####.#.#####.⌠.#
#.###......†......# ##...


You could see an ogre.

Vanquished Creatures
  2 vampire bats (D:3)
  2 orc priests (D:3)
  3 adders
  An ooze (D:1)
  3 giant geckos
  7 orcs (D:3)
  4 bats
  4 bat skeletons (D:3)
  A bat zombie (D:3)
  3 giant cockroaches
  4 goblins (D:1)
  13 hobgoblins
  5 jackals
  2 quokkas (D:3)
  4 giant newts
  4 kobolds
  9 rats
71 creatures vanquished.

Notes
Turn   | Place    | Note
--------------------------------------------------------------
     0 | D:1      | Lokkij the Gargoyle Fighter began the quest for the Orb.
     0 | D:1      | Reached XP level 1. HP: 14/14 MP: 1/1
   284 | D:1      | Reached XP level 2. HP: 14/19 MP: 2/2
   773 | D:1      | Reached XP level 3. HP: 23/23 MP: 3/3
  1196 | D:2      | Found a radiant altar of Vehumet.
  1240 | D:2      | Found a sparkling altar of Nemelex Xobeh.
  1295 | D:2      | Reached skill level 4 in Maces & Flails
  1327 | D:2      | Reached XP level 4. HP: 24/28 MP: 4/4
  1705 | D:3      | Found an ancient bone altar of Kikubaaqudgha.
  1834 | D:3      | Reached skill level 5 in Maces & Flails
  1834 | D:3      | Reached XP level 5. HP: 28/32 MP: 5/5
  2134 | D:3      | Reached skill level 6 in Maces & Flails
  2134 | D:3      | Reached XP level 6. HP: 27/37 MP: 6/6
  2469 | D:3      | Noticed an ogre
  2477 | D:3      | Mangled by an ogre

Vault maps used:
D:1:      nagdon_arrival_double_spiral
D:2:      lemuel_coloured_pillars_altar, serial_curves, eino_curves_02,
          eino_curves_04, nemelex_diamond_rough_becter
D:3:      kennysheep_vampire_church

Action                   |  1- 3 |  4- 6 || total
-------------------------+-------+-------++-------
Melee: Flail             |   182 |   120 ||   302
  Use: Scroll            |     5 |     1 ||     6
       Potion            |       |     1 ||     1
  Eat: Chunk             |     2 |     4 ||     6
